 Dungeon Crawl Stone Soup version 0.31-a0-354-g827e0957a7 (webtiles) character file.

Game seed: 6677995861091711697

233502 MacCMillion the Metamorph (level 19, -3/138 (147) HPs)
             Began as a Merfolk Shapeshifter on July 24, 2023.
             Was the Champion of Ru.
             Shot with an arrow by a centaur warrior (18 damage)
             ... on level 1 of the Vaults.
             The game lasted 01:33:05 (44476 turns).

MacCMillion the Metamorph (Merfolk Shapeshifter)   Turns: 44476, Time: 01:33:05

HP:   -3/138 (147)  AC: 11    Str: 28    XL:     19   Next: 11%
MP:   19/19         EV: 29    Int:  9    God:    Ru [******]
Gold: 533           SH:  0    Dex: 17    Spells: 18/18 levels left

rFire   . .          .
                       - Unarmed
rCold   + . .        (no shield)
rNeg    + + +        c - +0 acid dragon scales
rPois   ∞            z - +2 helmet {SInv}
rElec   .            (no cloak)
rCorr   +            u - +0 pair of gloves {Str+3}
SInv    +            q - +0 pair of boots {Stlth+}
Will    ++...        Y - amulet of regeneration Stlth
                     S - +6 ring of strength
HPRegen 1.23/turn    G - +5 ring of evasion
MPRegen 0.16/turn

%: inaccuracy (-5)
@: death-form, marked, extremely horrified, drained, unable to drink
A: vile attack, torment immunity, no potions, reduced hp, inability to drink
after injury 2, no stealth, cowardly, inability to train armour, no air magic,
no summoning magic, no transmutations magic, disrupted magic 1, missing an eye,
(nimble swimmer 2), mertail
}: 2/15 runes: serpentine, barnacled
a: Siphon Essence, Begin Untransformation, Renounce Religion, Draw Out Power,
Power Leap, Apocalypse


You were on level 1 of the Vaults.
You worshipped Ru.
Ru was exalted by your worship.
You were an undying horror.
You visited 6 branches of the dungeon, and saw 31 of its levels.
You visited the Abyss 1 time.
You also visited: Bailey.

You collected 4239 gold pieces.
You spent 3706 gold pieces at shops.

Inventory:

Missiles
 B - 9 javelins
 E - 9 throwing nets
 O - 4 curare-tipped darts
Armour
 c - +0 acid dragon scales (worn)
 q - a +0 pair of boots of stealth (worn)
 u - a +0 pair of gloves of strength (worn)
 z - a +2 helmet of see invisible (worn)
 T - the +0 pair of gloves "Hetuugoi" {rF++ Dex+3}
   (You found it on level 4 of the Shoals)

   Dex:       It affects your dexterity (+3).
   rF:        It greatly protects you from fire.
Jewellery
 s - a +4 ring of slaying
 F - a ring of protection from fire
 G - a +5 ring of evasion (right hand)
 S - a +6 ring of strength (left hand)
 U - a ring of ice
 Y - an amulet of regeneration (around neck)
Talismans
 d - a dragon-blood talisman
 e - a talisman of death
Wands
 t - a wand of light (13)
 w - a wand of flame (50)
 I - a wand of roots (41)
 W - a wand of mindburst (10)
 Z - a wand of polymorph (6)
Scrolls
 h - 3 scrolls of amnesia
 i - 4 scrolls of revelation
 j - 5 scrolls of blinking
 k - 7 scrolls of vulnerability
 m - 6 scrolls of teleportation
 o - 4 scrolls of fear
 p - 3 scrolls of noise
 r - a scroll of silence {unknown}
 x - 2 scrolls of enchant weapon
 y - a scroll of torment
 A - a scroll of enchant armour
 H - 4 scrolls of immolation
 K - 2 scrolls of summoning
 N - 3 scrolls of brand weapon
 P - 6 scrolls of fog
 R - 3 scrolls of identify
 V - 4 scrolls of poison {unknown}
Potions
 a - 2 potions of mutation
 b - 6 potions of lignification
 f - 3 potions of berserk rage
 g - 16 potions of curing
 l - 2 potions of heal wounds
 n - 4 potions of brilliance
 v - 2 potions of resistance
 C - a potion of might
 D - 2 potions of ambrosia
 J - 5 potions of attraction
 L - 2 potions of invisibility
 M - 3 potions of cancellation
 Q - a potion of enlightenment
 X - 3 potions of haste


   Skills:
 - Level 15.3 Fighting
 - Level 20.3 Dodging
 + Level 4.4 Shields
 - Level 20.2 Unarmed Combat
 - Level 4.0 Evocations
 + Level 20.5 Shapeshifting


You had 18 spell levels left.
You didn't know any spells.
Your spell library contained the following spells:

 Spells                   Type           Power      Damage    Failure   Level
 Freeze                   Ice            0%         1d3       54%         1
 Ensorcelled Hibernation  Hex/Ice        0%         N/A       67%         2
 Scorch                   Fire           0%         2d5       67%         2
 Sublimation of Blood     Necr           0%         N/A       67%         2
 Frozen Ramparts          Ice            0%         1d1       88%         3
 Hailstorm                Conj/Ice       0%         3d3       88%         3
 Inner Flame              Hex/Fire       0%         N/A       88%         3
 Portal Projectile        Hex/Tloc       0%         N/A       88%         3
 Tukima's Dance           Hex            0%         N/A       88%         3
 Flame Wave               Conj/Fire      0%         2d4       99%         4
 Iskenderun's Mystic Bla  Conj/Tloc      0%         2d3       99%         4
 Olgreb's Toxic Radiance  Pois           0%         N/A       99%         4
 Fireball                 Conj/Fire      0%         3d3       100%        5
 Iskenderun's Battlesphe  Conj           0%         2d6       100%        5
 Enfeeble                 Hex            0%         N/A       100%        7
 Orb of Destruction       Conj           0%         9d5       100%        7
 Discord                  Hex            0%         N/A       100%        8
 Ignition                 Fire           0%         3d3       100%        8
 Passwall                 Tmut/Erth      Unusable   N/A       N/A         2
 Swiftness                Air            Unusable   N/A       N/A         3
 Petrify                  Tmut/Erth      Unusable   N/A       N/A         4
 Irradiate                Conj/Tmut      Unusable   3d11      N/A         5
 Yara's Violent Unravell  Hex/Tmut       Unusable   3d3       N/A         5
 Conjure Ball Lightning   Conj/Air       Unusable   3x3d6     N/A         6
 Summon Cactus Giant      Summ           Unusable   N/A       N/A         6

Dungeon Overview and Level Annotations

Branches:
Dungeon (15/15)            Temple (0/1) D:4            Lair (5/5) D:10
 Shoals (4/4) Lair:3        Snake (4/4) Lair:2        Slime (0/5) Lair:5
    Orc (2/2) D:9             Elf (0/3) Orc:2        Vaults (1/5) D:14
 Depths (0/4) D:15         Bailey (visited)

Altars:
Dithmenos
Fedhas
Kikubaaqudgha
Makhleb
Nemelex Xobeh
Okawaru
Ru
Uskayaw
Wu Jian
Zin
The Shining One
Jiyva

Shops:
D:1 (   D:8 *   D:11 [   D:13 *   D:15 [   Orc:2 (?==?   Shoals:4 *(::(
Snake:4 [

Portals:
Hell: Lair:5

Annotations:
D:2 1 runed translucent door, Crazy Yiuf
D:3 Sigmund
D:6 3 runed translucent doors, AdnanSaban's ghost, novice GrFi
D:7 exclusion: troll
D:13 3 runed translucent doors, Raufah's ghost, journeyman DsBr
Shoals:1 1 runed translucent door
Snake:1 1 runed translucent door, Temaumar's ghost, adept GrBe
Snake:3 2 transporters, 3 runed translucent doors, exclusion: obsidian statue, greenbourne's ghost, adept SpEn


Innate Abilities, Weirdness & Mutations

You are an undying horror.
Your melee and unarmed attacks drain, slow and weaken victims.
You are immune to unholy pain and torment.
You cannot drink.
Your maximum health is decreased, since you lack skill for your form.
You are immune to poison.
You sometimes lose the ability to drink potions when taking damage.
You cannot be stealthy.
Your cowardice makes you less effective in combat with threatening foes.
You cannot train Armour skill.
You cannot study or cast Air magic.
You cannot study or cast Summoning magic.
You cannot study or cast Transmutations magic.
Your casting is slightly disrupted.
You are missing an eye, making it more difficult to aim.
((You are very nimble when in or above water. (Stealth+, EV+, Speed+++)))
Your lower body shifts to a powerful aquatic tail in water.


Message History

The centaur warrior kicks you but does no damage.
You pulverise the centaur warrior!!!
The centaur warrior decays.
You drain the centaur warrior.
You kill the centaur warrior!
The centaur warrior hits you but does no damage.
The centaur warrior completely misses you.
The centaur warrior closely misses you. The centaur warrior misses you.
The centaur warrior closely misses you.
The centaur warrior kicks you but does no damage.
The centaur warrior is stunned by your conviction and fails to attack.
You punch the centaur warrior!
The centaur warrior decays.
You drain the centaur warrior.
The centaur warrior is moderately wounded.
The centaur warrior is stunned by your conviction and fails to attack. x2
You closely miss the centaur warrior. Your punch misses the centaur warrior.
The centaur warrior is moderately wounded.
The centaur warrior closely misses you.
The centaur warrior completely misses you.
Electricity crackles from the ironbound thunderhulk's apparatus.
The bolt of lightning hits you!!!
* * * LOW HITPOINT WARNING * * *
You redirect the centaur warrior's attack!
The centaur warrior hits itself!
The centaur warrior kicks itself but does no damage.
The centaur warrior hits you.
* * * LOW HITPOINT WARNING * * *
The centaur warrior kicks you.
* * * LOW HITPOINT WARNING * * *
The centaur warrior hits you but does no damage.
The centaur warrior completely misses you.
Blink to where?
Press: ? - help, Dir - move target
As you read the scroll of blinking, it crumbles to dust.
The centaur warrior is no longer moving slowly.
The centaur warrior is no longer weakened.
The centaur warrior seems less drained.
The centaur warrior wields a +0 orcbow.
The centaur warrior shoots an arrow.
The arrow completely misses you.
The centaur warrior wields a +0 shortbow.
The centaur warrior shoots an arrow.
The arrow hits you!!
You die...

.. #.....# . #.....#
..###########.....#
..................#
..................#####+
#.......................#.....
#.... .......z..........#.....
####....
..................'..... ...#...
..........^.......#...##
...#..#########........c...#...#
...#..#.......#......Yc....#.###
...#..#.......#........c...# .
..)#..#.......#............# ..
..)'[.#.......#.........c§.# .+
..)#..#.......# .......).# .+


You could see a dire elephant and 3 centaur warriors.

Vanquished Creatures
  2 quicksilver dragons
  A kraken (Shoals:4)
  Agnes (D:15)
  6 nagarajas
  2 vault wardens (Vaults:1)
  An ironbound preserver (Vaults:1)
  A formless jellyfish (Vaults:1)
  An ironbound thunderhulk (Vaults:1)
  Snorg (D:10)
  A quicksilver dragon zombie (D:15)
  5 merfolk javelineers
  Josephine (D:15)
  5 merfolk impalers
  A yaktaur captain (Vaults:1)
  4 vault guards
  An entropy weaver (Vaults:1)
  4 salamander tyrants
  9 hydras
  Harold (D:10)
  A catoblepas (Lair:5)
  2 ironbound frosthearts (Vaults:1)
  Erolcha (D:9)
  2 alligator snapping turtles (Shoals:4)
  7 anacondas
  16 centaur warriors
  6 merfolk avatars
  2 two-headed ogres (D:11)
  A vampire mage (D:15)
  4 merfolk aquamancers (Shoals:4)
  2 tengu warriors (D:14)
  4 orc high priests (Orc:2)
  11 naga warriors
  Urug (Lair:2)
  6 shock serpents
  15 naga sharpshooters
  Sonja (Lair:2)
  A salamander mystic (Snake:3)
  7 skysharks
  A skeletal warrior (D:15)
  A sixfirhy (Lair:5)
  9 sea snakes
  4 naga ritualists
  5 lindwurms
  2 ironbound convokers (Vaults:1)
  2 wizards
  13 mana vipers
  22 harpies
  A necromancer (D:15)
  2 orc sorcerers
  15 ugly things
  3 deep elf pyromancers
  19 fauns
  5 cyclopes
  15 salamanders
  A frost giant zombie (D:15)
  11 manticores
  5 merfolk sirens
  Maurice (D:10)
  4 vault sentinels (Vaults:1)
  11 elephants
  9 water nymphs
  A gargoyle (D:12)
  36 black mambas
  6 guardian serpents
  18 naga magi
  2 orange demons (Lair:5)
  16 cane toads
  A torpor snail (Lair:5)
  6 kobold demonologists
  A freezing wraith (D:15)
  5 rime drakes
  9 yaktaurs
  An efreet (D:15)
  An unseen horror (D:12)
  13 komodo dragons
  A spriggan skeleton (D:15)
  5 ice devils
  4 hornets
  A guardian mummy (D:15)
  6 trolls
  A red devil (Lair:5)
  A hellwing (Lair:5)
  21 merfolk
  6 wind drakes
  Prince Ribbit (Bailey)
  A polar bear (Lair:4)
  8 dream sheep
  A tarantella (shapeshifter) (D:14)
  12 blink frogs
  A spriggan zombie (D:15)
  9 slime creatures
  2 centaur simulacra (D:15)
  7 water elementals
  9 snapping turtles
  A shadow (D:12)
  6 wyverns
  2 vampires (D:13)
  50 yaks
  4 basilisks
  6 wraiths
  5 humans (Bailey)
  5 steam dragons
  6 vampire mosquitoes
  A large abomination (Abyss:1)
  32 nagas
  A warg (Orc:2)
  2 acid dragons
  3 hell hounds (Lair:5)
  17 water moccasins
  23 orc warriors
  9 black bears
  2 ice beasts
  2 sky beasts
  4 ogres
  9 wolves
  15 centaurs
  A phantom (D:4)
  8 kobold brigands
  27 bullfrogs
  3 gnoll sergeants
  A scorpion (D:6)
  8 wights
  5 killer bees (D:10)
  2 electric eels (Lair:1)
  2 howler monkeys (D:11)
  3 lava snakes (Lair:2)
  2 hounds
  A sleepcap (D:7)
  2 jellies
  35 orc priests
  2 gnoll boudas (D:8)
  8 iguanas
  An iron imp (Abyss:1)
  Jessica (D:2)
  28 orc wizards
  Terence (D:2)
  Ijyb (D:3)
  25 gnolls
  11 adders
  2 shadow imps
  2 white imps (D:5)
  An ufetubus (D:6)
  2 worms
  6 dart slugs
  58 orcs
  9 ball pythons
  4 endoplasms
  2 giant cockroaches (D:3)
  11 goblins
  5 hobgoblins
  4 jackals (D:3)
  34 kobolds
  4 quokkas
  6 bats
  5 frilled lizards
  3 rats
  2 tentacles (Shoals:2)
1055 creatures vanquished.

Vanquished Creatures (others)
  A kraken (Shoals:2)
  A death knight (D:14)
  A komodo dragon (Lair:5)
  A merfolk (Shoals:1)
  A yak (D:10)
  10 tentacles
15 creatures vanquished.

Grand Total: 1070 creatures vanquished

Notes
Turn   | Place    | Note
-------+----------+-------------------------------------------
     0 | D:1      | MacCMillion the Merfolk Shapeshifter began the quest for
                  | the Orb.
     0 | D:1      | Reached XP level 1. HP: 15/15 MP: 1/1
   479 | D:1      | Found Wufoss's Antique Weapon Shoppe.
   590 | D:1      | Reached XP level 2. HP: 20/21 MP: 2/2
   829 | D:2      | Noticed Terence
   847 | D:2      | Killed Terence
   848 | D:2      | Reached XP level 3. HP: 7/26 MP: 3/3
  1097 | D:2      | Noticed Jessica
  1100 | D:2      | Killed Jessica
  1101 | D:2      | Reached skill level 5 in Unarmed Combat
  1101 | D:2      | Reached XP level 4. HP: 25/32 MP: 4/4
  1415 | D:2      | Found a sacrificial altar of Ru.
  1661 | D:2      | Found a runed translucent door.
  1662 | D:2      | Noticed Crazy Yiuf
  1720 | D:2      | Reached XP level 5. HP: 31/37 MP: 5/5
  2235 | D:2      | Became a worshipper of Ru the Awakened
  2359 | D:3      | Noticed Sigmund
  2727 | D:3      | Found a faded altar of an unknown god.
  2796 | D:3      | Noticed Ijyb
  2816 | D:3      | Killed Ijyb
  3602 | D:4      | Reached XP level 6. HP: 43/43 MP: 6/6
  3614 | D:4      | Gained mutation: You cannot study or cast Air magic. [Ru
                  | sacrifice]
  3614 | D:4      | Gained mutation: You cannot study or cast Transmutations
                  | magic. [Ru sacrifice]
  3614 | D:4      | Gained mutation: You cannot study or cast Summoning magic.
                  | [Ru sacrifice]
  3614 | D:4      | Reached * piety under Ru
  3887 | D:4      | Found a staircase to the Ecumenical Temple.
  3992 | D:4      | Found an ancient bone altar of Kikubaaqudgha.
  4100 | D:5      | Entered Level 5 of the Dungeon
  4104 | D:5      | Found an ornate altar of the Wu Jian Council.
  4328 | D:5      | Reached XP level 7. HP: 21/48 MP: 7/7
  4827 | D:5      | Found an iron altar of Okawaru.
  5179 | D:5      | Reached XP level 8. HP: 43/58 MP: 8/8
  5363 | D:5      | Reached skill level 5 in Dodging
  5388 | D:5      | Found a shadowy altar of Dithmenos.
  5654 | D:6      | Found a runed translucent gate.
  5654 | D:6      | Found a runed translucent gate.
  5654 | D:6      | Found a runed translucent gate.
  5655 | D:6      | Noticed a kobold demonologist
  5889 | D:6      | Noticed AdnanSaban's ghost (novice GrFi)
  5906 | D:6      | Reached skill level 5 in Fighting
  6669 | D:7      | Reached XP level 9. HP: 57/69 MP: 9/9
  6961 | D:7      | Gained mutation: Your casting is slightly disrupted. [Ru
                  | sacrifice]
  7101 | D:7      | Reached skill level 10 in Unarmed Combat
  7535 | D:7      | Noticed a troll
  8512 | D:8      | Reached XP level 10. HP: 66/80 MP: 10/10
  8525 | D:8      | Reached skill level 5 in Shapeshifting
  8894 | D:8      | Reached skill level 10 in Dodging
  8978 | D:8      | Found Ynisein's Overcharged Wands.
  9243 | D:8      | Found a hide-covered altar of Uskayaw.
  9246 | D:8      | Noticed a +0 hand axe
  9247 | D:8      | Noticed a +0 hand axe
  9434 | D:9      | Noticed Erolcha
  9437 | Abyss:1  | Cast into level 1 of the Abyss (Erolcha)
  9493 | Abyss:1  | Reached skill level 1 in Stealth
  9503 | Abyss:1  | Noticed a thrashing horror
  9526 | Abyss:1  | Found a corrupted altar of Lugonu.
  9567 | Abyss:1  | Noticed a tentacled starspawn
  9568 | D:9      | Escaped the Abyss
  9573 | D:9      | Killed Erolcha
  9637 | D:9      | Found a staircase to the Orcish Mines.
  9692 | D:9      | Found a flagged portal.
  9925 | Bailey   | Entered a bailey
 10023 | Bailey   | Reached XP level 11. HP: 87/87 MP: 11/11
 10103 | Bailey   | Noticed Prince Ribbit
 10116 | Bailey   | Killed Prince Ribbit
 10119 | Bailey   | Noticed a vault guard
 10162 | Bailey   | Killed a vault guard
 10215 | Bailey   | Noticed a vault guard
 10284 | Bailey   | Killed a vault guard
 10439 | D:9      | Identified the +3 leather armour of Duwut {rF+ Regen+
                  | rCorr}
 10576 | D:9      | Found a burning altar of Makhleb.
 10579 | D:9      | Noticed an Executioner
 10637 | D:9      | Gained mutation: Your cowardice makes you less effective in
                  | combat with threatening foes. [Ru sacrifice]
 10637 | D:9      | Reached ** piety under Ru
 10696 | D:9      | Found a glowing silver altar of Zin.
 10872 | D:10     | Entered Level 10 of the Dungeon
 10891 | D:10     | Noticed Harold
 11181 | D:10     | Killed Harold
 11182 | D:10     | Reached skill level 10 in Fighting
 11579 | D:10     | Found a sparkling altar of Nemelex Xobeh.
 11596 | D:10     | Noticed Snorg
 11632 | D:10     | Noticed Maurice
 11646 | D:10     | Killed Maurice
 12089 | D:10     | Found a blossoming altar of Fedhas.
 12449 | D:10     | Reached skill level 1 in Evocations
 12453 | D:10     | Found a staircase to the Lair.
 12467 | D:10     | Reached XP level 12. HP: 84/97 MP: 12/12
 13078 | D:10     | Noticed a sun demon
 14027 | D:11     | You fall into a shaft and drop 2 floors!
 14028 | D:13     | Found Ucsin's General Store.
 14166 | D:13     | Noticed a soul eater
 15285 | D:11     | Noticed a two-headed ogre
 15313 | D:11     | Killed a two-headed ogre
 15538 | D:11     | Noticed a two-headed ogre
 15547 | D:11     | Killed a two-headed ogre
 15548 | D:11     | Reached skill level 10 in Shapeshifting
 15737 | D:11     | Gained mutation: You cannot train Armour skill. [Ru
                  | sacrifice]
 15737 | D:11     | Reached *** piety under Ru
 15737 | D:11     | Reached **** piety under Ru
 15842 | D:11     | Found Qatisew's Armour Boutique.
 16019 | D:11     | Identified the +4 ring mail of the Hanged Man {Harm Dex+2}
 16031 | D:11     | Found the +8 arc blade {discharge, rElec}
 16274 | Lair:1   | Entered Level 1 of the Lair of Beasts
 17301 | Lair:1   | Reached skill level 15 in Dodging
 17301 | Lair:1   | Reached XP level 13. HP: 93/103 MP: 13/13
 18515 | Lair:2   | Noticed Urug
 18520 | Lair:2   | Killed Urug
 18572 | Lair:2   | Noticed Sonja
 18580 | Lair:2   | Killed Sonja
 19020 | Lair:2   | Identified the +4 ring mail "Yraaqati" {rCorr}
 19631 | Lair:2   | Found a staircase to the Snake Pit.
 19643 | Lair:2   | Reached skill level 15 in Unarmed Combat
 20944 | Lair:3   | Found a staircase to the Shoals.
 21468 | Lair:4   | Reached XP level 14. HP: 110/110 MP: 14/14
 23301 | Lair:5   | Entered Level 5 of the Lair of Beasts
 24752 | Lair:5   | Found a viscous altar of Jiyva.
 24763 | Lair:5   | Found a staircase to the Slime Pits.
 25155 | Lair:5   | Identified a scroll of acquirement
 25156 | Lair:5   | Acquired 631 gold pieces
 25191 | Lair:5   | Found a burning altar of Makhleb.
 25998 | Lair:5   | Found a gateway to Hell.
 26207 | Orc:1    | Entered Level 1 of the Orcish Mines
 26389 | Orc:1    | Reached XP level 15. HP: 120/120 MP: 15/15
 26547 | Orc:2    | Entered Level 2 of the Orcish Mines
 26547 | Orc:2    | Found a staircase to the Elven Halls.
 26666 | Orc:2    | Found Ysetzousk's Antique Weapon Boutique.
 27248 | Orc:2    | Gained mutation: You are missing an eye, making it more
                  | difficult to aim. [Ru sacrifice]
 27248 | Orc:2    | Reached ***** piety under Ru
 27372 | Orc:2    | Found Apoixzut's Jewellery Emporium.
 27372 | Orc:2    | Found Saithipa's Magic Scroll Emporium.
 27373 | Orc:2    | Found Faviolor's Jewellery Shoppe.
 27377 | Orc:2    | Found Noiqad's Magic Scroll Shoppe.
 27402 | Orc:2    | Bought a scroll of identify for 24 gold pieces
 27402 | Orc:2    | Bought a scroll of identify for 24 gold pieces
 27402 | Orc:2    | Bought a scroll of identify for 24 gold pieces
 27408 | Orc:2    | Bought a scroll of fog for 56 gold pieces
 27408 | Orc:2    | Bought a scroll of identify for 28 gold pieces
 27408 | Orc:2    | Bought a scroll of identify for 28 gold pieces
 27755 | D:10     | Killed Snorg
 28213 | D:13     | Found Lin Qod's Blood Bar.
 28410 | D:13     | Noticed Raufah's ghost (journeyman DsBr)
 28430 | D:13     | Found a runed translucent gate.
 28430 | D:13     | Found a runed translucent gate.
 28430 | D:13     | Found a runed translucent gate.
 29634 | D:14     | Found a gate to the Vaults.
 30163 | D:15     | Entered Level 15 of the Dungeon
 30202 | D:15     | Found a staircase to the Depths.
 30613 | D:15     | Reached skill level 15 in Shapeshifting
 30834 | Orc:2    | Bought a dragon-blood talisman for 1120 gold pieces
 31160 | D:15     | Noticed Josephine
 31164 | D:15     | Killed Josephine
 31165 | D:15     | Reached XP level 16. HP: 125/125 MP: 16/16
 31263 | D:15     | Found a glowing silver altar of Zin.
 31485 | D:15     | Noticed Agnes
 31491 | D:15     | Killed Agnes
 31611 | D:15     | Found Nyacen's Armour Boutique.
 31947 | Shoals:1 | Entered Level 1 of the Shoals
 32570 | Shoals:1 | Found a runed translucent door.
 33680 | Shoals:2 | Noticed a kraken
 33690 | Shoals:2 | Killed a kraken
 35061 | Shoals:4 | Entered Level 4 of the Shoals
 35271 | Shoals:4 | Found Boyng's Book Shoppe.
 35368 | Shoals:4 | Reached XP level 17. HP: 139/139 MP: 17/17
 35446 | Shoals:3 | Gained mutation: You cannot be stealthy. [Ru sacrifice]
 36069 | Shoals:4 | Got a barnacled rune of Zot
 36465 | Shoals:4 | Found Girr's Antique Weapon Shoppe.
 36646 | Shoals:4 | Identified the +0 pair of gloves "Hetuugoi" {rF++ Dex+3}
 36809 | Shoals:4 | Found Ukhlonn's Weapon Emporium.
 36842 | Shoals:4 | Found Nurrol's General Store.
 36870 | Shoals:4 | Noticed a kraken
 36880 | Shoals:4 | Killed a kraken
 37129 | Shoals:4 | Found Kooc's Book Shoppe.
 37282 | Shoals:4 | Found Nurrol's General Store.
 37355 | Shoals:4 | Found Ukhlonn's Weapon Emporium.
 37379 | Shoals:4 | Found Kooc's Book Shoppe.
 37509 | Shoals:4 | Found Boyng's Book Shoppe.
 37655 | Shoals:4 | Found Girr's Antique Weapon Shoppe.
 37940 | Snake:1  | Entered Level 1 of the Snake Pit
 38046 | Snake:1  | Found a runed translucent door.
 38253 | Snake:1  | Reached skill level 15 in Fighting
 38286 | Snake:1  | Gained mutation: You occasionally lose the ability to drink
                  | potions when taking damage. [Ru sacrifice]
 38286 | Snake:1  | Gained mutation: You sometimes lose the ability to drink
                  | potions when taking damage. [Ru sacrifice]
 38286 | Snake:1  | Reached ****** piety under Ru
 38409 | Snake:1  | Found an ornate altar of the Wu Jian Council.
 39048 | Snake:1  | Noticed Temaumar's ghost (adept GrBe)
 39986 | Snake:3  | Reached XP level 18. HP: 149/149 MP: 18/18
 40010 | Snake:3  | Found a transporter.
 40152 | Snake:3  | Found a transporter.
 40451 | Snake:3  | Found a glowing golden altar of the Shining One.
 40669 | Snake:3  | Noticed greenbourne's ghost (adept SpEn)
 40691 | Snake:3  | Found a runed translucent gate.
 40691 | Snake:3  | Found a runed translucent gate.
 40705 | Snake:3  | Found a runed translucent gate.
 40876 | Snake:4  | Entered Level 4 of the Snake Pit
 40992 | Snake:4  | Found Ceudgh's Antique Armour Emporium.
 41289 | Snake:4  | Found a sacrificial altar of Ru.
 41751 | Snake:4  | Noticed a quicksilver dragon
 41822 | Snake:3  | Killed a quicksilver dragon
 42144 | Snake:4  | Noticed a quicksilver dragon
 42233 | Snake:4  | Killed a quicksilver dragon
 42579 | Snake:4  | Got a serpentine rune of Zot
 42869 | Orc:2    | Bought a talisman of death for 1591 gold pieces
 43207 | Snake:4  | Bought a pair of glowing boots for 292 gold pieces
 43214 | Snake:4  | Bought a glowing scarf for 312 gold pieces
 43561 | D:15     | Bought a +0 pair of gloves of strength for 207 gold pieces
 43659 | Vaults:1 | Entered Level 1 of the Vaults
 43754 | Vaults:1 | Reached skill level 1 in Shields
 44060 | Vaults:1 | Reached XP level 19. HP: 72/132 MP: 10/19
 44476 | Vaults:1 | Shot with an arrow by a centaur warrior

Illustrated notes

Levels and vault maps discovered:
D:1:      dpeg_arrival_tiny_f, layout_loops_cross, serial_shops, shop,
          minmay_misc_feat_diagonals
D:2:      layout_basic, basic_altar, uniq_jessica, uniq_terence,
          uniq_crazy_yiuf_cottage
D:3:      layout_loops_ring, hellmonk_ecumenical_altar_heavens_door,
          minmay_fractal_squares_gapless_5, uniq_ijyb, uniq_sigmund
D:4:      layout_rooms, mainiacjoe_overflow_24_doors,
          minmay_temple_entry_nine_rooms, kennysheep_generic_room_16
D:5:      layout_cave_pools, mainiacjoe_overflow_cross_hatched,
          okawaru_altar_gauntlet_db, lemuel_round_altar
D:6:      layout_loops_cross, gammafunk_ghost_nasty_kobolds
D:7:      layout_rooms
D:8:      minmay_skewed_foursquare, layout_basic, dancing_weapons_uskayaw,
          moated_statue, nicolae_shop_overcharged_wands
D:9:      layout_rooms, makhleb_altar_promises_db,
          mainiacjoe_overflow_surrounded_room, minmay_orc_entry_temple_small,
          enter_bailey_6, uniq_erolcha
D:10:     layout_rooms, nemelex_spade_bored_becter,
          mainiacjoe_overflow_concentric_impassable, david_lair_generic,
          uniq_maurice, uniq_snorg, uniq_harold
D:11:     layout_gridville, serial_shops, shop
D:12:     layout_roguey, st_stairs_10, moated_statue
D:13:     layout_loops_ring, serial_shops, shop, portal_ice_cave_demonic_guard,
          maelrawn_ghost_gauntlet_escape, guppyfry_shop_blood
D:14:     layout_roguey, david_vaults_5, minmay_misc_feat_rows,
          kennysheep_small_square
D:15:     gammafunk_depths_entry_grave, layout_basic, serial_shops, shop,
          zin_statuary, uniq_josephine, uniq_agnes
Lair:1:   layout_small_grid, pdpol_lair_cavern_descent, lemuel_fruit_tree
Lair:2:   cheibrodos_lair_overgrown_chateau, layout_loops_ring,
          nicolae_snake_entry_warm_welcome, infiniplex_staircase_pool_2,
          uniq_sonja, uniq_urug
Lair:3:   layout_cellular_growth, minmay_shoals_entry_lonely_mermaid,
          serial_bayou_pond_e
Lair:4:   layout_roguey, serial_bayou_pond_e
Lair:5:   evil_forest, layout_hall_layers, slime_entry_1, serial_bayou_shore_b,
          grunt_megastairs_2
Shoals:1: layout_shoals, lightli_airlock
Shoals:2: layout_shoals, nicolae_shoals_kraken_intersection
Shoals:3: layout_shoals
Shoals:4: shoals_end_grunt_garden, layout_shoals, serial_shops,
          nicolae_shop_hallway_stairs, shop, shop_statue, shop, shop
Snake:1:  nicolae_snake_nest, layout_chambers, basic_altar,
          ebering_ghost_reflecting_pool
Snake:2:  nicolae_snakescales, layout_misc_corridors, nicolae_snake_linked_coils
Snake:3:  gammafunk_sealed_arena, layout_misc_corridors, basic_altar,
          gammafunk_ghost_split
Snake:4:  hellmonk_snake_rune_quicksilver_temple, layout_misc_corridors,
          basic_altar, minmay_shop_grid_forest, grunt_megastairs_5
Orc:1:    layout_diamond_mine
Orc:2:    st_orc_mages, layout_caves, serial_shops, nicolae_square_shop,
          lightli_volcano_entry_magma_tube
Vaults:1: portal_desolation_entry_twin_temple, nicolae_vaults_little_squares_6,
          ontoclasm_vaults_claustrophobia, vaults_standard_mumra_lines,
          nicolae_vaults_little_squares_1, nicolae_vaults_weapon_check,
          dpeg_vaults_monster_box, nicolae_vaults_double_plus_2,
          vaults_dpeg_ring, nicolae_vaults_diamond_2,
          nicolae_vaults_trapezoid_3, layout_vaults_omnigrid

Skill      XL: |  1  2  3  4  5  6  7  8  9 10 11 12 13 14 15 16 17 18 19 |
---------------+----------------------------------------------------------+-----
Unarmed Combat | 4 5 7 8 9 11 12 13 15 17 18 19 20 | 20.2
Dodging        | 3 4 7 9 10 12 15 16 18 19 20 | 20.3
Fighting       | 3 5 7 8 10 12 14 15 | 15.3
Shapeshifting  | 6 9 10 11 15 16 17 20 | 20.5
Stealth        | 4 0 |  0.0
Evocations     | 1 4 |  4.0
Shields        | 3 4 |  4.4

Action                     |  1- 3 |  4- 6 |  7- 9 | 10-12 | 13-15 | 16-18 | 19-21 || total
---------------------------+-------+-------+-------+-------+-------+-------+-------++-------
  Melee: Unarmed           |    37 |   168 |   221 |   522 |   938 |   902 |    53 ||  2841
         Punch             |     2 |     6 |    16 |    45 |     2 |   100 |     6 ||   177
         Tailslap          |       |       |       |     6 |     3 |   109 |       ||   118
         Constrict         |       |       |       |     5 |   191 |       |       ||   196
         Bite              |       |       |       |       |     1 |    80 |       ||    81
  Throw: Dart              |       |       |       |    13 |       |       |       ||    13
 Invoke: Sacrifice Arcana  |       |     1 |       |       |       |       |       ||     1
         Sacrifice Essence |       |       |     1 |       |       |       |       ||     1
         Sacrifice Courage |       |       |       |     1 |       |       |       ||     1
         Power Leap        |       |       |       |     1 |     2 |     1 |       ||     4
         Sacrifice Durabil |       |       |       |     1 |       |       |       ||     1
         Reject Sacrifices |       |       |       |       |     1 |     1 |       ||     2
         Apocalypse        |       |       |       |       |     1 |     2 |       ||     3
         Sacrifice an Eye  |       |       |       |       |     1 |       |       ||     1
         Sacrifice Drink   |       |       |       |       |       |     1 |       ||     1
         Sacrifice Stealth |       |       |       |       |       |     1 |       ||     1
Ability: Breathe Fire      |       |       |       |       |       |     6 |       ||     6
  Evoke: Wand              |       |       |       |    10 |     3 |       |       ||    13
    Use: Scroll            |       |     3 |     8 |     5 |    10 |     6 |     1 ||    33
         Potion            |       |       |       |     3 |       |       |       ||     3
   Stab: Sleeping          |     1 |     1 |       |     3 |    11 |     4 |       ||    20
         Invisible         |       |       |       |     5 |     5 |     6 |     1 ||    17
         Distracted        |       |       |       |     2 |     5 |     5 |       ||    12
         Paralysed         |       |       |       |       |     1 |     5 |     2 ||     8
 Armour: Animal skin       |     5 |    21 |     4 |       |       |       |       ||    30
         Ring mail         |       |       |    11 |       |       |       |       ||    11
         Steam dragon scal |       |       |    18 |    17 |       |       |       ||    35
         Acid dragon scale |       |       |       |    22 |       |     9 |    14 ||    45
         Skin              |       |       |       |     2 |   170 |   164 |       ||   336
  Dodge: Dodged            |    17 |    95 |   141 |   434 |   842 |   779 |    60 ||  2368
   Form: Anaconda          |       |       |       |     1 |       |       |       ||     1
         Dragon            |       |       |       |       |     1 |       |       ||     1
         Death             |       |       |       |       |       |     1 |       ||     1

Table legend: (Time is in decaauts)
 A = Elapsed time spent in this place.
 B = Non-inter-level travel time spent in this place.
 C = Inter-level travel time spent in this place.
 D = Time resting spent in this place.
 E = Time spent auto-exploring this place.
 F = Levels seen in this place.
 G = Mean time per level.
                   A        B        C        D        E       F      G
               +--------+--------+--------+--------+--------+-----+--------+
         Total |  43718 |  40557 |   3161 |  12995 |  19343 |  33 | 1324.8 |
       Dungeon |  19953 |  18446 |   1507 |   6186 |   9026 |  15 | 1330.2 |
          Lair |  10514 |   9702 |    812 |   3871 |   4321 |   5 | 2102.8 |
        Shoals |   5577 |   5340 |    237 |   1483 |   2456 |   4 | 1394.2 |
     Snake Pit |   4838 |   4487 |    351 |   1016 |   2615 |   4 | 1209.5 |
  Orcish Mines |   1507 |   1255 |    252 |    217 |    611 |   2 |  753.5 |
        Vaults |    780 |    780 |      0 |    126 |    190 |   1 |  780.0 |
         Abyss |    129 |    129 |      0 |     17 |      0 |   1 |  129.0 |
        Bailey |    417 |    417 |      0 |     77 |    124 |   1 |  417.0 |
               +--------+--------+--------+--------+--------+-----+--------+

Top non-repeatable levels by time:
    D:10: 2987 daAuts
  Lair:5: 2501 daAuts
  Lair:2: 2298 daAuts
  Lair:1: 2072 daAuts
  Lair:4: 1933 daAuts
Shoals:4: 1893 daAuts
Shoals:3: 1876 daAuts
     D:2: 1871 daAuts
  Lair:3: 1709 daAuts
     D:8: 1618 daAuts
    D:12: 1612 daAuts
     D:9: 1576 daAuts
    D:14: 1426 daAuts
 Snake:3: 1329 daAuts
 Snake:4: 1231 daAuts
